[ PARTIDA AOE2 · #474033816 ]
UnrankedBúlgaros vs Gurjaras
[ ANÁLISIS DE REPETICIÓN · EXTRAÍDO DE LA PARTIDA GRABADA ]
Feudal
8:57
Castillos
—
Imperial
—
| APM promedio | 47.0 |
| APM pico | 77 |
| eAPM promedio | 17.4 |
| Aldeanos / militares | 44 / 13 |
Foco
⚔️ 43.9% · 🌾 56.1%
Scout Cavalry ×13
Feudal
10:22
Castillos
—
Imperial
—
| APM promedio | 43.7 |
| APM pico | 80 |
| eAPM promedio | 17.3 |
| Aldeanos / militares | 45 / 6 |
Foco
⚔️ 37.3% · 🌾 62.7%
Fishing Ship ×6 · Scout Cavalry ×6
Feudal
10:09
Castillos
18:13
Imperial
—
| APM promedio | 47.6 |
| APM pico | 97 |
| eAPM promedio | 21.0 |
| Aldeanos / militares | 41 / 11 |
Foco
⚔️ 41.5% · 🌾 58.5%
Scout Cavalry ×6 · Knight ×3 · Flemish Militia ×2
Feudal
10:58
Castillos
—
Imperial
—
| APM promedio | 21.5 |
| APM pico | 57 |
| eAPM promedio | 6.9 |
| Aldeanos / militares | 21 / 2 |
Foco
⚔️ 22.7% · 🌾 77.3%
Fishing Ship ×3 · Fire Galley ×2
Feudal
9:38
Castillos
—
Imperial
—
| APM promedio | 57.5 |
| APM pico | 98 |
| eAPM promedio | 25.2 |
| Aldeanos / militares | 49 / 16 |
Foco
⚔️ 29.5% · 🌾 70.5%
Scout Cavalry ×14 · Fishing Ship ×12 · Spearman ×2
Feudal
10:56
Castillos
—
Imperial
—
| APM promedio | 36.6 |
| APM pico | 55 |
| eAPM promedio | 18.3 |
| Aldeanos / militares | 47 / 20 |
Foco
⚔️ 42.8% · 🌾 57.2%
Archer ×20 · Fishing Ship ×13
Feudal
8:58
Castillos
—
Imperial
—
| APM promedio | 65.2 |
| APM pico | 91 |
| eAPM promedio | 23.0 |
| Aldeanos / militares | 51 / 33 |
Foco
⚔️ 22.2% · 🌾 77.8%
Archer ×29 · Militia ×4
Feudal
11:15
Castillos
—
Imperial
—
| APM promedio | 39.3 |
| APM pico | 60 |
| eAPM promedio | 12.7 |
| Aldeanos / militares | 33 / 16 |
Foco
⚔️ 32.0% · 🌾 68.0%
Skirmisher ×8 · Archer ×5 · Spearman ×3
Mapa de la partida
Recursos iniciales + cada clic de construcción. Líneas = muros · curvas = relieve. ◆ oro · ⬟ piedra · ● bayas · ✦ reliquia · ◌ hueco del cierre
Tu base· Abierta — flanco sin cerrar
Base de Ceeelebrate· Abierta — flanco sin cerrar
Base de 枯山水· Abierta — flanco sin cerrar
Base de 3409853472· Abierta — flanco sin cerrar
Base de HasmanIII· Abierta — flanco sin cerrar
Base de planz· Abierta — flanco sin cerrar
Base de LuckAss· Abierta — flanco sin cerrar
Base de fast resign· Abierta — flanco sin cerrar
Terreno inicial suavizado · ◌ = hueco del cierre detectado · pasá el cursor para detalles
Inputs por minuto
— 俄佐立仲裁者泰菲力 - - Ceeelebrate
Build order — 俄佐立仲裁者泰菲力
106 acciones detectadas en el replay
| 0:02 | Crear | Villager (Male) |
| 0:02 | Crear | Villager (Male) |
| 0:04 | Construir | House |
| 0:06 | Construir | House |
| 0:24 | Crear | Villager (Male) |
| 0:24 | Crear | Villager (Male) |
| 1:18 | Crear | Villager (Male) |
| 1:24 | Construir | Lumber Camp |
| 1:45 | Crear | Villager (Male) |
| 1:45 | Crear | Villager (Male) |
| 2:24 | Crear | Villager (Male) |
| 2:24 | Crear | Villager (Male) |
| 2:55 | Crear | Villager (Male) |
| 2:56 | Crear | Villager (Male) |
| 3:07 | Crear | Villager (Male) |
| 3:07 | Crear | Villager (Male) |
| 3:16 | Construir | House |
| 3:19 | Construir | House |
| 3:39 | Crear | Villager (Male) |
| 3:39 | Crear | Villager (Male) |
| 4:13 | Crear | Villager (Male) |
| 4:14 | Crear | Villager (Male) |
| 4:14 | Crear | Villager (Male) |
| 4:30 | Crear | Villager (Male) |
| 4:30 | Crear | Villager (Male) |
| 5:27 | Crear | Villager (Male) |
| 5:34 | Crear | Villager (Male) |
| 5:34 | Crear | Villager (Male) |
| 5:53 | Construir | Mill |
| 6:47 | Investigar | Feudal Age |
| 6:50 | Investigar | Loom |
| 8:09 | Construir | Barracks |
| 8:15 | Crear | Villager (Male) |
| 8:57 | Edad | Edad Feudal |
| 9:04 | Construir | Stable |
| 9:17 | Crear | Villager (Male) |
| 9:36 | Investigar | Double-Bit Axe |
| 9:44 | Crear | Villager (Male) |
| 9:56 | Construir | Blacksmith |
| 10:06 | Crear | Scout Cavalry |
| 10:12 | Crear | Villager (Male) |
| 10:16 | Construir | House |
| 10:25 | Investigar | Horse Collar |
| 10:33 | Crear | Scout Cavalry |
| 10:53 | Construir | House |
| 10:59 | Crear | Villager (Male) |
| 11:04 | Investigar | Scale Barding Armor |
| 11:21 | Construir | Farm |
| 11:24 | Construir | Farm |
| 11:30 | Construir | Farm |
| 11:38 | Construir | House |
| 11:42 | Construir | Farm |
| 11:45 | Construir | Farm |
| 11:49 | Crear | Villager (Male) |
| 11:50 | Crear | Scout Cavalry |
| 12:04 | Construir | Farm |
| 12:06 | Crear | Villager (Male) |
| 12:34 | Investigar | Forging |
| 12:35 | Crear | Villager (Male) |
| 12:54 | Crear | Villager (Male) |
| 12:56 | Crear | Scout Cavalry |
| 13:30 | Crear | Villager (Male) |
| 13:30 | Crear | Scout Cavalry |
| 13:35 | Construir | Farm |
| 13:37 | Construir | Farm |
| 13:38 | Construir | Farm |
| 13:42 | Construir | Farm |
| 13:52 | Crear | Scout Cavalry |
| 14:13 | Crear | Scout Cavalry |
| 14:16 | Crear | Villager (Male) |
| 14:21 | Construir | Farm |
| 14:23 | Construir | Farm |
| 14:29 | Crear | Scout Cavalry |
| 14:40 | Crear | Villager (Male) |
| 14:47 | Crear | Scout Cavalry |
| 15:08 | Crear | Scout Cavalry |
| 15:21 | Crear | Villager (Male) |
| 15:22 | Crear | Villager (Male) |
| 15:27 | Construir | House |
| 15:28 | Construir | House |
| 15:33 | Construir | Mining Camp |
| 15:35 | Crear | Villager (Male) |
| 15:46 | Crear | Scout Cavalry |
| 15:47 | Crear | Villager (Male) |
| 16:18 | Construir | Farm |
| 16:18 | Construir | Farm |
| 16:18 | Construir | Farm |
| 16:18 | Construir | Farm |
| 16:19 | Construir | Farm |
| 16:21 | Crear | Villager (Male) |
| 16:34 | Investigar | Wheelbarrow |
| 16:34 | Crear | Scout Cavalry |
| 16:54 | Investigar | Wheelbarrow |
| 16:55 | Crear | Villager (Male) |
| 16:58 | Construir | House |
| 17:01 | Construir | House |
| 17:03 | Construir | Palisade Wall |
| 17:12 | Investigar | Bloodlines |
| 17:13 | Crear | Villager (Male) |
| 17:22 | Construir | Farm |
| 17:27 | Crear | Villager (Male) |
| 17:49 | Investigar | Town Watch |
| 17:49 | Crear | Villager (Male) |
| 18:18 | Crear | Scout Cavalry |
| 18:37 | Construir | House |
| 18:39 | Construir | House |
Build order — Ceeelebrate
113 acciones detectadas en el replay
| 0:00 | Crear | Villager (Male) |
| 0:02 | Construir | House |
| 0:03 | Construir | House |
| 0:07 | Crear | Villager (Male) |
| 0:08 | Crear | Villager (Male) |
| 0:08 | Crear | Villager (Male) |
| 0:19 | Construir | Mill |
| 1:28 | Crear | Villager (Male) |
| 1:28 | Crear | Villager (Male) |
| 1:57 | Crear | Villager (Male) |
| 1:57 | Crear | Villager (Male) |
| 2:07 | Crear | Villager (Male) |
| 2:30 | Crear | Villager (Male) |
| 2:30 | Crear | Villager (Male) |
| 3:03 | Construir | Mill |
| 3:08 | Crear | Villager (Male) |
| 3:09 | Crear | Villager (Male) |
| 3:35 | Crear | Villager (Male) |
| 3:35 | Crear | Villager (Male) |
| 4:05 | Crear | Villager (Male) |
| 4:05 | Crear | Villager (Male) |
| 4:10 | Construir | House |
| 4:23 | Crear | Villager (Male) |
| 4:31 | Construir | Lumber Camp |
| 4:45 | Construir | House |
| 4:47 | Crear | Villager (Male) |
| 4:48 | Crear | Villager (Male) |
| 5:01 | Crear | Villager (Male) |
| 5:14 | Crear | Villager (Male) |
| 5:14 | Crear | Villager (Male) |
| 5:23 | Crear | Villager (Male) |
| 5:24 | Crear | Villager (Male) |
| 5:53 | Crear | Villager (Male) |
| 5:53 | Crear | Villager (Male) |
| 5:54 | Crear | Villager (Male) |
| 6:28 | Construir | Dock |
| 7:02 | Investigar | Loom |
| 7:09 | Construir | House |
| 7:10 | Crear | Fishing Ship |
| 8:09 | Construir | Lumber Camp |
| 8:12 | Investigar | Feudal Age |
| 8:47 | Construir | House |
| 8:48 | Crear | Fishing Ship |
| 9:18 | Construir | Barracks |
| 9:41 | Construir | House |
| 9:47 | Crear | Fishing Ship |
| 9:50 | Crear | Villager (Male) |
| 9:50 | Crear | Villager (Male) |
| 10:22 | Edad | Edad Feudal |
| 10:24 | Investigar | Double-Bit Axe |
| 10:26 | Construir | Stable |
| 10:54 | Construir | House |
| 10:56 | Construir | Palisade Wall |
| 10:59 | Construir | Palisade Wall |
| 11:02 | Construir | Palisade Wall |
| 11:07 | Construir | Palisade Wall |
| 11:08 | Construir | Palisade Wall |
| 11:09 | Crear | Villager (Male) |
| 11:21 | Crear | Scout Cavalry |
| 11:21 | Crear | Scout Cavalry |
| 11:25 | Crear | Fishing Ship |
| 11:25 | Crear | Fishing Ship |
| 11:27 | Crear | Villager (Male) |
| 11:57 | Crear | Villager (Male) |
| 12:01 | Construir | Mining Camp |
| 12:07 | Crear | Fishing Ship |
| 12:15 | Crear | Scout Cavalry |
| 12:37 | Crear | Villager (Male) |
| 12:48 | Crear | Villager (Male) |
| 12:54 | Crear | Scout Cavalry |
| 13:28 | Crear | Villager (Male) |
| 13:29 | Crear | Villager (Male) |
| 13:44 | Crear | Villager (Male) |
| 13:49 | Crear | Villager (Male) |
| 13:52 | Construir | Farm |
| 13:52 | Construir | Farm |
| 13:52 | Construir | Farm |
| 13:52 | Construir | Farm |
| 13:53 | Construir | Farm |
| 13:53 | Construir | Farm |
| 13:53 | Construir | Farm |
| 13:56 | Investigar | Horse Collar |
| 13:56 | Investigar | Horse Collar |
| 13:57 | Construir | Farm |
| 14:07 | Crear | Scout Cavalry |
| 14:09 | Crear | Scout Cavalry |
| 14:23 | Crear | Villager (Male) |
| 14:34 | Construir | Mill |
| 14:35 | Crear | Villager (Male) |
| 14:36 | Crear | Villager (Male) |
| 14:48 | Construir | Fish Trap |
| 14:51 | Construir | Fish Trap |
| 14:54 | Construir | Fish Trap |
| 15:16 | Construir | Farm |
| 15:17 | Construir | Farm |
| 15:28 | Crear | Villager (Male) |
| 16:13 | Construir | Watch Tower |
| 16:17 | Construir | Blacksmith |
| 16:25 | Crear | Villager (Male) |
| 16:27 | Construir | House |
| 16:29 | Construir | House |
| 17:00 | Investigar | Castle Age |
| 17:00 | Investigar | Castle Age |
| 17:07 | Construir | House |
| 17:27 | Investigar | Forging |
| 17:27 | Investigar | Forging |
| 17:49 | Construir | House |
| 17:51 | Construir | House |
| 17:55 | Construir | House |
| 17:58 | Construir | Palisade Wall |
| 18:04 | Construir | House |
| 18:11 | Crear | Villager (Male) |
| 18:46 | Construir | Mining Camp |
Build order — 枯山水
108 acciones detectadas en el replay
| 0:00 | Crear | Villager (Male) |
| 0:01 | Crear | Villager (Male) |
| 0:01 | Crear | Villager (Male) |
| 0:02 | Construir | House |
| 0:03 | Construir | House |
| 0:18 | Crear | Villager (Male) |
| 1:26 | Crear | Villager (Male) |
| 2:07 | Crear | Villager (Male) |
| 2:07 | Crear | Villager (Male) |
| 2:14 | Construir | Lumber Camp |
| 2:25 | Construir | Lumber Camp |
| 2:30 | Crear | Villager (Male) |
| 2:30 | Crear | Villager (Male) |
| 2:30 | Crear | Villager (Male) |
| 3:22 | Crear | Villager (Male) |
| 3:24 | Investigar | Double-Bit Axe |
| 3:46 | Crear | Villager (Male) |
| 3:46 | Crear | Villager (Male) |
| 3:52 | Construir | House |
| 4:04 | Crear | Villager (Male) |
| 4:28 | Crear | Villager (Male) |
| 4:28 | Crear | Villager (Male) |
| 4:47 | Construir | House |
| 5:00 | Crear | Villager (Male) |
| 5:00 | Crear | Villager (Male) |
| 5:39 | Construir | Mill |
| 5:50 | Crear | Villager (Male) |
| 5:57 | Crear | Villager (Male) |
| 6:04 | Crear | Villager (Male) |
| 6:31 | Crear | Villager (Male) |
| 6:42 | Crear | Villager (Male) |
| 7:27 | Investigar | Loom |
| 7:34 | Crear | Villager (Male) |
| 7:41 | Investigar | Feudal Age |
| 7:41 | Investigar | Feudal Age |
| 8:05 | Construir | Barracks |
| 8:06 | Crear | Villager (Male) |
| 8:35 | Construir | Mining Camp |
| 8:47 | Crear | Villager (Male) |
| 8:52 | Construir | House |
| 8:53 | Construir | House |
| 8:59 | Crear | Villager (Male) |
| 9:32 | Crear | Villager (Male) |
| 10:09 | Edad | Edad Feudal |
| 10:12 | Construir | Stable |
| 10:16 | Investigar | Bow Saw |
| 10:19 | Investigar | Horse Collar |
| 10:20 | Crear | Villager (Male) |
| 10:36 | Construir | Farm |
| 10:51 | Investigar | Loom |
| 10:54 | Crear | Scout Cavalry |
| 10:57 | Crear | Villager (Male) |
| 11:01 | Crear | Villager (Male) |
| 11:04 | Construir | Farm |
| 11:08 | Construir | Farm |
| 11:11 | Crear | Villager (Male) |
| 11:25 | Crear | Scout Cavalry |
| 11:26 | Crear | Villager (Male) |
| 11:29 | Construir | Farm |
| 11:40 | Crear | Scout Cavalry |
| 11:46 | Construir | Farm |
| 11:56 | Construir | Farm |
| 11:57 | Crear | Villager (Male) |
| 12:01 | Construir | Farm |
| 12:06 | Crear | Scout Cavalry |
| 12:23 | Construir | Farm |
| 12:26 | Construir | Farm |
| 12:30 | Crear | Villager (Male) |
| 12:31 | Crear | Scout Cavalry |
| 12:40 | Construir | House |
| 12:42 | Construir | House |
| 12:51 | Investigar | Wheelbarrow |
| 12:51 | Investigar | Wheelbarrow |
| 12:59 | Crear | Scout Cavalry |
| 13:36 | Crear | Villager (Male) |
| 13:38 | Construir | Farm |
| 13:41 | Construir | Farm |
| 13:50 | Construir | House |
| 13:59 | Construir | House |
| 14:13 | Construir | Blacksmith |
| 14:47 | Crear | Villager (Male) |
| 15:05 | Construir | House |
| 15:33 | Investigar | Castle Age |
| 15:52 | Crear | Villager (Male) |
| 15:55 | Construir | Farm |
| 15:56 | Construir | Farm |
| 16:11 | Investigar | Scale Barding Armor |
| 16:33 | Construir | Stable |
| 16:34 | Crear | Villager (Male) |
| 16:44 | Investigar | Forging |
| 16:52 | Crear | Villager (Male) |
| 16:56 | Construir | Stable |
| 17:17 | Crear | Flemish Militia |
| 17:17 | Crear | Flemish Militia |
| 17:19 | Construir | Palisade Wall |
| 17:21 | Construir | Palisade Wall |
| 17:23 | Construir | Palisade Wall |
| 17:24 | Construir | Palisade Wall |
| 17:34 | Construir | Palisade Gate |
| 17:41 | Construir | House |
| 17:43 | Construir | House |
| 18:13 | Edad | Edad de los Castillos |
| 18:16 | Investigar | Cavalier (upgrade) |
| 18:20 | Crear | Knight |
| 18:44 | Construir | Lumber Camp |
| 18:48 | Crear | Villager (Male) |
| 19:00 | Crear | Knight |
| 19:00 | Crear | Knight |
Build order — 3409853472
48 acciones detectadas en el replay
| 0:02 | Crear | Villager (Male) |
| 0:02 | Crear | Villager (Male) |
| 0:04 | Construir | House |
| 0:05 | Construir | House |
| 1:00 | Crear | Villager (Male) |
| 1:01 | Crear | Villager (Male) |
| 1:01 | Crear | Villager (Male) |
| 1:26 | Crear | Villager (Male) |
| 1:50 | Crear | Villager (Male) |
| 2:35 | Crear | Villager (Male) |
| 2:52 | Crear | Villager (Male) |
| 2:57 | Construir | House |
| 3:07 | Crear | Villager (Male) |
| 3:16 | Construir | Lumber Camp |
| 3:43 | Crear | Villager (Male) |
| 4:07 | Investigar | Loom |
| 4:11 | Construir | House |
| 4:43 | Crear | Villager (Male) |
| 4:44 | Crear | Villager (Male) |
| 4:56 | Construir | Dock |
| 5:24 | Construir | House |
| 5:26 | Construir | Palisade Wall |
| 5:29 | Construir | Palisade Wall |
| 5:35 | Crear | Villager (Male) |
| 5:59 | Crear | Villager (Male) |
| 6:00 | Crear | Fishing Ship |
| 6:11 | Crear | Villager (Male) |
| 6:12 | Crear | Villager (Male) |
| 6:25 | Construir | Palisade Wall |
| 6:27 | Construir | House |
| 6:48 | Crear | Fishing Ship |
| 7:09 | Crear | Villager (Male) |
| 7:26 | Crear | Fishing Ship |
| 7:33 | Crear | Villager (Male) |
| 7:40 | Construir | House |
| 7:58 | Construir | Palisade Wall |
| 8:07 | Crear | Villager (Male) |
| 8:33 | Construir | Mill |
| 8:48 | Investigar | Feudal Age |
| 8:56 | Construir | Lumber Camp |
| 9:12 | Construir | Mining Camp |
| 10:03 | Construir | House |
| 10:16 | Construir | Dock |
| 10:27 | Crear | Villager (Male) |
| 10:33 | Construir | Palisade Wall |
| 10:58 | Edad | Edad Feudal |
| 11:02 | Crear | Fire Galley |
| 11:02 | Crear | Fire Galley |
Build order — HasmanIII
139 acciones detectadas en el replay
| 0:01 | Crear | Villager (Male) |
| 0:02 | Construir | House |
| 0:03 | Construir | House |
| 0:07 | Crear | Villager (Male) |
| 0:08 | Crear | Villager (Male) |
| 0:10 | Crear | Villager (Male) |
| 1:14 | Crear | Villager (Male) |
| 1:37 | Crear | Villager (Male) |
| 1:37 | Crear | Villager (Male) |
| 2:08 | Construir | Lumber Camp |
| 2:12 | Investigar | Loom |
| 2:15 | Crear | Villager (Male) |
| 2:45 | Crear | Villager (Male) |
| 2:45 | Crear | Villager (Male) |
| 3:07 | Crear | Villager (Male) |
| 3:31 | Construir | House |
| 3:34 | Crear | Villager (Male) |
| 3:34 | Crear | Villager (Male) |
| 3:49 | Crear | Villager (Male) |
| 3:50 | Crear | Villager (Male) |
| 4:22 | Crear | Villager (Male) |
| 4:23 | Crear | Villager (Male) |
| 4:39 | Construir | Dock |
| 4:45 | Crear | Villager (Male) |
| 4:47 | Crear | Villager (Male) |
| 4:47 | Crear | Villager (Male) |
| 4:59 | Crear | Villager (Male) |
| 4:59 | Crear | Villager (Male) |
| 5:22 | Crear | Villager (Male) |
| 5:22 | Crear | Villager (Male) |
| 5:27 | Crear | Fishing Ship |
| 5:34 | Construir | House |
| 5:52 | Crear | Villager (Male) |
| 5:59 | Investigar | Loom |
| 6:14 | Crear | Fishing Ship |
| 6:35 | Crear | Villager (Male) |
| 7:28 | Investigar | Feudal Age |
| 7:28 | Investigar | Feudal Age |
| 7:58 | Construir | House |
| 8:02 | Construir | Barracks |
| 8:28 | Construir | Palisade Wall |
| 8:29 | Construir | Palisade Wall |
| 8:30 | Construir | Palisade Wall |
| 8:32 | Crear | Fishing Ship |
| 8:52 | Crear | Villager (Male) |
| 9:03 | Construir | House |
| 9:10 | Crear | Villager (Male) |
| 9:16 | Construir | Palisade Wall |
| 9:29 | Construir | House |
| 9:30 | Crear | Fishing Ship |
| 9:38 | Edad | Edad Feudal |
| 9:43 | Construir | Stable |
| 9:49 | Construir | Palisade Wall |
| 9:51 | Crear | Villager (Male) |
| 9:52 | Investigar | Double-Bit Axe |
| 10:11 | Construir | Palisade Gate |
| 10:15 | Crear | Fishing Ship |
| 10:33 | Construir | House |
| 10:35 | Construir | House |
| 10:36 | Construir | House |
| 10:37 | Crear | Villager (Male) |
| 10:46 | Crear | Villager (Male) |
| 10:56 | Construir | Palisade Wall |
| 10:58 | Construir | Palisade Gate |
| 11:05 | Crear | Villager (Male) |
| 11:10 | Crear | Scout Cavalry |
| 11:10 | Crear | Scout Cavalry |
| 11:12 | Construir | House |
| 11:12 | Crear | Villager (Male) |
| 11:17 | Crear | Villager (Male) |
| 11:27 | Construir | Mill |
| 11:31 | Construir | Mill |
| 11:42 | Construir | Dock |
| 11:45 | Crear | Fishing Ship |
| 11:50 | Crear | Scout Cavalry |
| 11:51 | Crear | Scout Cavalry |
| 12:10 | Crear | Villager (Male) |
| 12:11 | Crear | Villager (Male) |
| 12:14 | Crear | Fishing Ship |
| 12:21 | Construir | Palisade Gate |
| 12:26 | Construir | Dock |
| 12:27 | Crear | Villager (Male) |
| 12:41 | Construir | Palisade Gate |
| 13:03 | Crear | Scout Cavalry |
| 13:04 | Crear | Villager (Male) |
| 13:07 | Construir | Farm |
| 13:08 | Construir | Farm |
| 13:08 | Construir | Farm |
| 13:20 | Crear | Scout Cavalry |
| 13:24 | Crear | Villager (Male) |
| 13:27 | Crear | Fishing Ship |
| 13:27 | Crear | Fishing Ship |
| 13:30 | Construir | Palisade Wall |
| 13:37 | Crear | Villager (Male) |
| 13:56 | Construir | Blacksmith |
| 14:02 | Crear | Villager (Male) |
| 14:05 | Crear | Scout Cavalry |
| 14:17 | Crear | Scout Cavalry |
| 14:26 | Construir | House |
| 14:30 | Construir | Mining Camp |
| 14:33 | Crear | Villager (Male) |
| 14:40 | Crear | Scout Cavalry |
| 14:59 | Crear | Scout Cavalry |
| 15:01 | Investigar | Horse Collar |
| 15:03 | Construir | House |
| 15:29 | Crear | Scout Cavalry |
| 15:30 | Crear | Villager (Male) |
| 15:42 | Construir | Farm |
| 15:43 | Construir | Farm |
| 15:43 | Construir | Farm |
| 15:43 | Construir | Farm |
| 15:43 | Construir | Farm |
| 15:44 | Construir | Farm |
| 15:44 | Construir | Farm |
| 15:45 | Crear | Villager (Male) |
| 15:48 | Construir | Farm |
| 16:10 | Construir | Farm |
| 16:18 | Investigar | Forging |
| 16:20 | Crear | Scout Cavalry |
| 16:20 | Crear | Scout Cavalry |
| 16:23 | Crear | Villager (Male) |
| 16:26 | Construir | Farm |
| 16:29 | Construir | Farm |
| 16:44 | Crear | Villager (Male) |
| 16:47 | Construir | Farm |
| 17:02 | Investigar | Scale Barding Armor |
| 17:07 | Construir | Farm |
| 17:41 | Crear | Villager (Male) |
| 17:43 | Construir | Farm |
| 17:43 | Construir | Farm |
| 17:44 | Construir | Farm |
| 18:09 | Crear | Villager (Male) |
| 18:17 | Crear | Spearman |
| 18:18 | Crear | Spearman |
| 18:21 | Crear | Scout Cavalry |
| 18:27 | Crear | Fishing Ship |
| 18:28 | Crear | Fishing Ship |
| 18:28 | Crear | Fishing Ship |
| 18:35 | Crear | Villager (Male) |
Build order — planz
125 acciones detectadas en el replay
| 0:03 | Crear | Villager (Male) |
| 0:05 | Construir | House |
| 0:07 | Construir | House |
| 0:10 | Crear | Villager (Male) |
| 0:13 | Crear | Villager (Male) |
| 0:29 | Crear | Villager (Male) |
| 0:29 | Crear | Villager (Male) |
| 1:29 | Crear | Villager (Male) |
| 1:29 | Crear | Villager (Male) |
| 1:57 | Crear | Villager (Male) |
| 1:58 | Crear | Villager (Male) |
| 2:28 | Crear | Villager (Male) |
| 2:28 | Crear | Villager (Male) |
| 2:41 | Construir | Lumber Camp |
| 2:58 | Crear | Villager (Male) |
| 2:59 | Crear | Villager (Male) |
| 3:20 | Crear | Villager (Male) |
| 3:21 | Crear | Villager (Male) |
| 3:44 | Crear | Villager (Male) |
| 3:44 | Crear | Villager (Male) |
| 3:55 | Crear | Villager (Male) |
| 3:55 | Crear | Villager (Male) |
| 3:59 | Construir | House |
| 4:18 | Crear | Villager (Male) |
| 4:38 | Crear | Villager (Male) |
| 4:39 | Crear | Villager (Male) |
| 5:00 | Construir | House |
| 5:17 | Crear | Villager (Male) |
| 5:37 | Crear | Villager (Male) |
| 5:47 | Construir | Dock |
| 5:48 | Construir | House |
| 6:13 | Crear | Villager (Male) |
| 6:47 | Crear | Fishing Ship |
| 6:47 | Crear | Fishing Ship |
| 6:47 | Crear | Fishing Ship |
| 6:50 | Crear | Villager (Male) |
| 7:16 | Crear | Villager (Male) |
| 7:16 | Crear | Villager (Male) |
| 7:43 | Investigar | Loom |
| 8:04 | Construir | Mining Camp |
| 8:18 | Crear | Fishing Ship |
| 8:18 | Crear | Fishing Ship |
| 8:32 | Crear | Fishing Ship |
| 8:32 | Crear | Fishing Ship |
| 8:46 | Investigar | Feudal Age |
| 8:58 | Construir | House |
| 9:01 | Construir | House |
| 9:08 | Construir | Palisade Wall |
| 9:14 | Crear | Villager (Male) |
| 9:26 | Crear | Fishing Ship |
| 10:11 | Construir | Barracks |
| 10:29 | Construir | House |
| 10:56 | Edad | Edad Feudal |
| 11:03 | Construir | Archery Range |
| 11:10 | Crear | Villager (Male) |
| 11:22 | Construir | Archery Range |
| 11:28 | Crear | Villager (Male) |
| 11:35 | Investigar | Double-Bit Axe |
| 11:38 | Crear | Villager (Male) |
| 12:02 | Construir | Palisade Wall |
| 12:14 | Crear | Archer |
| 12:16 | Crear | Archer |
| 12:16 | Crear | Archer |
| 12:23 | Crear | Villager (Male) |
| 12:35 | Construir | Blacksmith |
| 12:36 | Construir | House |
| 12:38 | Crear | Villager (Male) |
| 12:44 | Crear | Archer |
| 12:44 | Crear | Archer |
| 13:22 | Construir | Dock |
| 13:24 | Construir | Palisade Wall |
| 13:25 | Construir | Palisade Wall |
| 13:27 | Crear | Villager (Male) |
| 13:41 | Crear | Archer |
| 13:41 | Crear | Archer |
| 13:50 | Crear | Archer |
| 13:50 | Crear | Archer |
| 14:11 | Crear | Archer |
| 14:11 | Crear | Archer |
| 14:13 | Crear | Villager (Male) |
| 14:22 | Investigar | Fletching |
| 14:37 | Crear | Fishing Ship |
| 14:37 | Crear | Fishing Ship |
| 14:38 | Crear | Fishing Ship |
| 14:40 | Crear | Villager (Male) |
| 14:40 | Crear | Villager (Male) |
| 15:04 | Crear | Archer |
| 15:04 | Crear | Archer |
| 15:13 | Crear | Villager (Male) |
| 15:18 | Construir | Mill |
| 15:22 | Construir | House |
| 15:23 | Construir | House |
| 15:32 | Investigar | Padded Archer Armor |
| 15:38 | Construir | House |
| 15:39 | Construir | House |
| 15:40 | Construir | House |
| 15:45 | Construir | House |
| 15:51 | Crear | Archer |
| 15:52 | Crear | Archer |
| 16:10 | Crear | Villager (Male) |
| 16:32 | Crear | Villager (Male) |
| 16:37 | Construir | House |
| 16:38 | Construir | House |
| 17:12 | Crear | Villager (Male) |
| 17:16 | Construir | House |
| 17:18 | Construir | Farm |
| 17:18 | Construir | Farm |
| 17:18 | Construir | Farm |
| 17:19 | Construir | Farm |
| 17:19 | Construir | Farm |
| 17:19 | Construir | Farm |
| 17:32 | Crear | Villager (Male) |
| 17:56 | Construir | Lumber Camp |
| 18:01 | Construir | Lumber Camp |
| 18:11 | Crear | Archer |
| 18:11 | Crear | Archer |
| 18:11 | Crear | Archer |
| 18:12 | Crear | Villager (Male) |
| 18:13 | Crear | Villager (Male) |
| 18:31 | Crear | Villager (Male) |
| 18:47 | Crear | Archer |
| 18:47 | Crear | Archer |
| 18:54 | Crear | Villager (Male) |
| 19:17 | Crear | Fishing Ship |
| 19:17 | Crear | Fishing Ship |
Build order — LuckAss
133 acciones detectadas en el replay
| 0:01 | Crear | Villager (Male) |
| 0:02 | Crear | Villager (Male) |
| 0:02 | Crear | Villager (Male) |
| 0:03 | Construir | House |
| 0:04 | Construir | House |
| 0:18 | Crear | Villager (Male) |
| 0:18 | Crear | Villager (Male) |
| 1:27 | Crear | Villager (Male) |
| 1:27 | Crear | Villager (Male) |
| 2:02 | Crear | Villager (Male) |
| 2:02 | Crear | Villager (Male) |
| 2:03 | Construir | Lumber Camp |
| 2:21 | Crear | Villager (Male) |
| 2:21 | Crear | Villager (Male) |
| 2:36 | Crear | Villager (Male) |
| 2:36 | Crear | Villager (Male) |
| 3:20 | Crear | Villager (Male) |
| 3:20 | Crear | Villager (Male) |
| 3:26 | Construir | House |
| 3:46 | Investigar | Loom |
| 3:46 | Crear | Villager (Male) |
| 3:59 | Crear | Villager (Male) |
| 3:59 | Crear | Villager (Male) |
| 4:23 | Crear | Villager (Male) |
| 4:23 | Crear | Villager (Male) |
| 4:23 | Crear | Villager (Male) |
| 5:15 | Construir | Barracks |
| 5:20 | Crear | Villager (Male) |
| 5:45 | Crear | Villager (Male) |
| 5:46 | Crear | Villager (Male) |
| 5:47 | Crear | Villager (Male) |
| 6:48 | Investigar | Feudal Age |
| 6:48 | Investigar | Feudal Age |
| 7:04 | Construir | Mining Camp |
| 7:18 | Crear | Militia |
| 7:18 | Crear | Militia |
| 7:18 | Crear | Militia |
| 7:23 | Construir | House |
| 8:04 | Construir | House |
| 8:08 | Construir | Palisade Wall |
| 8:13 | Crear | Villager (Male) |
| 8:33 | Crear | Militia |
| 8:54 | Construir | House |
| 8:58 | Edad | Edad Feudal |
| 9:03 | Investigar | Man-at-Arms (upgrade) |
| 9:04 | Investigar | Man-at-Arms (upgrade) |
| 9:05 | Crear | Villager (Male) |
| 9:24 | Construir | Mill |
| 9:28 | Investigar | Double-Bit Axe |
| 9:29 | Investigar | Double-Bit Axe |
| 9:29 | Crear | Villager (Male) |
| 9:52 | Crear | Villager (Male) |
| 10:15 | Crear | Villager (Male) |
| 10:29 | Construir | Archery Range |
| 11:00 | Crear | Villager (Male) |
| 11:14 | Crear | Villager (Male) |
| 11:20 | Crear | Villager (Male) |
| 11:22 | Crear | Archer |
| 11:32 | Construir | Archery Range |
| 11:41 | Investigar | Loom |
| 11:44 | Crear | Archer |
| 12:02 | Crear | Villager (Male) |
| 12:06 | Construir | House |
| 12:15 | Crear | Archer |
| 12:24 | Crear | Villager (Male) |
| 12:38 | Crear | Archer |
| 12:40 | Crear | Villager (Male) |
| 12:43 | Construir | Blacksmith |
| 12:49 | Crear | Villager (Male) |
| 13:13 | Construir | Lumber Camp |
| 13:27 | Crear | Archer |
| 13:32 | Crear | Villager (Male) |
| 13:34 | Construir | House |
| 13:35 | Construir | Palisade Wall |
| 13:36 | Investigar | Fletching |
| 13:36 | Investigar | Fletching |
| 13:41 | Construir | House |
| 13:50 | Crear | Archer |
| 13:55 | Construir | House |
| 13:55 | Construir | House |
| 14:00 | Crear | Villager (Male) |
| 14:12 | Crear | Archer |
| 14:14 | Crear | Archer |
| 14:27 | Crear | Villager (Male) |
| 14:39 | Investigar | Padded Archer Armor |
| 14:40 | Investigar | Padded Archer Armor |
| 14:42 | Crear | Villager (Male) |
| 14:44 | Construir | Farm |
| 14:44 | Construir | Farm |
| 14:48 | Crear | Archer |
| 15:01 | Crear | Archer |
| 15:01 | Crear | Archer |
| 15:16 | Crear | Archer |
| 15:31 | Crear | Villager (Male) |
| 15:32 | Crear | Archer |
| 15:32 | Crear | Archer |
| 15:33 | Construir | Farm |
| 15:34 | Construir | Farm |
| 15:35 | Construir | Farm |
| 15:42 | Construir | Archery Range |
| 15:47 | Crear | Villager (Male) |
| 15:54 | Construir | Lumber Camp |
| 16:02 | Crear | Archer |
| 16:02 | Crear | Archer |
| 16:19 | Crear | Villager (Male) |
| 16:23 | Construir | Farm |
| 16:28 | Construir | House |
| 16:29 | Construir | House |
| 16:44 | Crear | Archer |
| 16:44 | Crear | Archer |
| 16:44 | Crear | Archer |
| 16:51 | Crear | Villager (Male) |
| 17:01 | Crear | Villager (Male) |
| 17:08 | Crear | Archer |
| 17:08 | Crear | Archer |
| 17:24 | Crear | Archer |
| 17:24 | Crear | Archer |
| 17:35 | Crear | Villager (Male) |
| 17:37 | Construir | Farm |
| 17:38 | Construir | Farm |
| 17:49 | Crear | Archer |
| 17:49 | Crear | Archer |
| 18:08 | Crear | Villager (Male) |
| 18:09 | Crear | Archer |
| 18:09 | Crear | Archer |
| 18:10 | Crear | Villager (Male) |
| 18:12 | Construir | Mining Camp |
| 18:16 | Crear | Villager (Male) |
| 18:18 | Construir | Farm |
| 18:41 | Construir | Mining Camp |
| 18:47 | Crear | Archer |
| 18:47 | Crear | Archer |
| 19:01 | Crear | Villager (Male) |
Build order — fast resign
80 acciones detectadas en el replay
| 0:02 | Crear | Villager (Male) |
| 0:02 | Crear | Villager (Male) |
| 0:04 | Construir | House |
| 0:05 | Construir | House |
| 0:54 | Crear | Villager (Male) |
| 1:17 | Crear | Villager (Male) |
| 1:22 | Crear | Villager (Male) |
| 2:04 | Crear | Villager (Male) |
| 2:06 | Construir | Lumber Camp |
| 2:33 | Crear | Villager (Male) |
| 2:34 | Crear | Villager (Male) |
| 2:52 | Crear | Villager (Male) |
| 3:44 | Crear | Villager (Male) |
| 3:50 | Construir | House |
| 3:52 | Construir | House |
| 4:02 | Crear | Villager (Male) |
| 4:33 | Crear | Villager (Male) |
| 5:04 | Construir | House |
| 5:12 | Crear | Villager (Male) |
| 5:17 | Construir | House |
| 5:32 | Crear | Villager (Male) |
| 5:43 | Construir | Mill |
| 6:02 | Crear | Villager (Male) |
| 6:13 | Crear | Villager (Male) |
| 6:21 | Construir | Palisade Wall |
| 6:45 | Crear | Villager (Male) |
| 7:09 | Construir | Palisade Wall |
| 7:15 | Crear | Villager (Male) |
| 7:22 | Construir | Mining Camp |
| 7:48 | Investigar | Loom |
| 8:00 | Construir | Barracks |
| 8:20 | Crear | Villager (Male) |
| 9:05 | Investigar | Feudal Age |
| 9:18 | Construir | House |
| 9:58 | Construir | House |
| 10:16 | Crear | Villager (Male) |
| 10:16 | Crear | Villager (Male) |
| 10:37 | Construir | Palisade Wall |
| 11:15 | Edad | Edad Feudal |
| 11:21 | Construir | Archery Range |
| 11:37 | Crear | Villager (Male) |
| 11:44 | Investigar | Double-Bit Axe |
| 11:45 | Investigar | Double-Bit Axe |
| 12:00 | Crear | Villager (Male) |
| 12:17 | Crear | Archer |
| 12:17 | Crear | Archer |
| 12:36 | Construir | Farm |
| 12:38 | Construir | Farm |
| 12:54 | Crear | Archer |
| 13:11 | Crear | Villager (Male) |
| 13:25 | Investigar | Horse Collar |
| 13:27 | Crear | Villager (Male) |
| 13:45 | Crear | Archer |
| 13:50 | Crear | Archer |
| 13:55 | Crear | Villager (Male) |
| 14:09 | Construir | Blacksmith |
| 14:19 | Crear | Skirmisher |
| 14:34 | Crear | Villager (Male) |
| 14:34 | Crear | Villager (Male) |
| 14:54 | Crear | Spearman |
| 14:57 | Crear | Skirmisher |
| 15:17 | Crear | Skirmisher |
| 15:31 | Crear | Villager (Male) |
| 15:31 | Crear | Villager (Male) |
| 15:45 | Crear | Villager (Male) |
| 16:01 | Construir | Farm |
| 16:03 | Construir | Farm |
| 16:05 | Crear | Villager (Male) |
| 16:08 | Crear | Skirmisher |
| 16:16 | Crear | Skirmisher |
| 16:20 | Investigar | Fletching |
| 16:24 | Crear | Skirmisher |
| 16:37 | Crear | Skirmisher |
| 16:42 | Crear | Villager (Male) |
| 16:51 | Construir | Archery Range |
| 17:26 | Crear | Spearman |
| 17:26 | Crear | Spearman |
| 17:37 | Construir | Watch Tower |
| 18:22 | Crear | Skirmisher |
| 18:46 | Construir | Lumber Camp |
Cronología de la partida
| 4:39 | HasmanIII · first_building Dock |
| 4:56 | 3409853472 · first_building Dock |
| 5:15 | LuckAss · first_building Barracks |
| 5:26 | 3409853472 · wall_segment Palisade Wall x1 |
| 5:29 | 3409853472 · wall_segment Palisade Wall x5 |
| 5:47 | planz · first_building Dock |
| 6:21 | fast resign · wall_segment Palisade Wall x7 |
| 6:25 | 3409853472 · wall_segment Palisade Wall x1 |
| 6:28 | Ceeelebrate · first_building Dock |
| 7:09 | fast resign · wall_segment Palisade Wall x3 |
| 7:58 | 3409853472 · wall_segment Palisade Wall x1 |
| 8:00 | fast resign · first_building Barracks |
| 8:02 | HasmanIII · first_building Barracks |
| 8:05 | 枯山水 · first_building Barracks |
| 8:08 | LuckAss · wall_segment Palisade Wall x6 |
| 8:09 | 俄佐立仲裁者泰菲力 · first_building Barracks |
| 8:28 | HasmanIII · wall_segment Palisade Wall x1 |
| 8:29 | HasmanIII · wall_segment Palisade Wall x1 |
| 8:30 | HasmanIII · wall_segment Palisade Wall x1 |
| 8:57 | 俄佐立仲裁者泰菲力 · age_up feudal |
| 8:58 | LuckAss · age_up feudal |
| 9:04 | 俄佐立仲裁者泰菲力 · first_building Stable |
| 9:08 | planz · wall_segment Palisade Wall x7 |
| 9:16 | HasmanIII · wall_segment Palisade Wall x1 |
| 9:18 | Ceeelebrate · first_building Barracks |
| 9:38 | HasmanIII · age_up feudal |
| 9:43 | HasmanIII · first_building Stable |
| 9:49 | HasmanIII · wall_segment Palisade Wall x3 |
| 10:09 | 枯山水 · age_up feudal |
| 10:11 | planz · first_building Barracks |
| 10:12 | 枯山水 · first_building Stable |
| 10:22 | Ceeelebrate · age_up feudal |
| 10:26 | Ceeelebrate · first_building Stable |
| 10:29 | LuckAss · first_building Archery Range |
| 10:33 | 3409853472 · wall_segment Palisade Wall x7 |
| 10:37 | fast resign · wall_segment Palisade Wall x1 |
| 10:56 | HasmanIII · wall_segment Palisade Wall x3 |
| 10:56 | Ceeelebrate · wall_segment Palisade Wall x4 |
| 10:56 | planz · age_up feudal |
| 10:58 | 3409853472 · age_up feudal |
| 10:59 | Ceeelebrate · wall_segment Palisade Wall x1 |
| 11:02 | Ceeelebrate · wall_segment Palisade Wall x4 |
| 11:03 | planz · first_building Archery Range |
| 11:07 | Ceeelebrate · wall_segment Palisade Wall x5 |
| 11:08 | Ceeelebrate · wall_segment Palisade Wall x1 |
| 11:15 | fast resign · age_up feudal |
| 11:21 | fast resign · first_building Archery Range |
| 12:02 | planz · wall_segment Palisade Wall x6 |
| 12:45 | 3409853472 · resign |
| 13:24 | planz · wall_segment Palisade Wall x1 |
| 13:25 | planz · wall_segment Palisade Wall x1 |
| 13:30 | HasmanIII · wall_segment Palisade Wall x6 |
| 13:35 | LuckAss · wall_segment Palisade Wall x4 |
| 17:03 | 俄佐立仲裁者泰菲力 · wall_segment Palisade Wall x1 |
| 17:19 | 枯山水 · wall_segment Palisade Wall x1 |
| 17:21 | 枯山水 · wall_segment Palisade Wall x3 |
| 17:23 | 枯山水 · wall_segment Palisade Wall x1 |
| 17:24 | 枯山水 · wall_segment Palisade Wall x1 |
| 17:58 | Ceeelebrate · wall_segment Palisade Wall x1 |
| 18:13 | 枯山水 · age_up castle |
[ ANÁLISIS IA · 1 CRÉDITO ]
¿Qué pasó realmente en esta partida?
Wolo.gg analiza cada decisión: build order, eco, micro, errores típicos por bracket. Análisis personalizado por WhatsApp o Discord en 30 segundos.
Guía civ
Búlgaros
Perfil
Jugador #17315119